[Event "Early-Titled-Tuesday-Blitz-March-05-2024"]
[Site "Chess.com"]
[Date "2024.03.05"]
[Round "3"]
[White "mortngabriel"]
[Black "invisible_s0ul"]
[Result "1-0"]
[WhiteElo "2533"]
[BlackElo "2230"]
[TimeControl "180+1"]
[EndTime "8:31:57 PST"]
[Termination "mortngabriel won by resignation"]

1. e4 c5 2. Nf3 Nc6 3. d4 cxd4 4. Nxd4 Nf6 5. Nc3 e6 6. Nxc6 bxc6 7. Bd3 d5 8. Qe2 Bb4 9. Bd2 O-O 10. O-O Re8 11.
Kh1 h6 12. e5 Nd7 13. f4 c5 14. Qg4 c4 15. Be2 Bb7 16. Rad1 Qb6 17. Qg3 d4 18.
Na4 Qa5 19. Bxb4 Qxb4 20. b3 d3 21. cxd3 cxb3 22. axb3 Qxb3 23. Rb1 Qxa4 24. Rxb7 Nc5 25. Rbb1 Rab8 26. Qe3 Nb3 27. Bd1 Qd4 28. Qxd4 Nxd4 29. Ba4 Red8 30. Kg1 Ne2+ 31. Kf2 Nc3 32. Rxb8 Rxb8 33.
Bc6 Rb2+ 34. Kf3 Rd2 35. Be4 Nd5 36. Bxd5 exd5 37. Ke3 Rxg2 38. Kd4 Rxh2 39. Kxd5 Rd2 40. d4 a5 41. f5 a4 42. Ra1 Rb2 43. Rxa4 h5 44.
Ra8+ Kh7 45. e6 fxe6+ 46. fxe6 Re2 47. Kd6 h4 48. e7 h3 49. e8=Q h2 50. Qh8+ Kg6 51.
Kd5 1-0

[Event "Early-Titled-Tuesday-Blitz-March-05-2024"]
[Site "Chess.com"]
[Date "2024.03.05"]
[Round "3"]
[White "LangesNasenhaar"]
[Black "JiiHart"]
[Result "1-0"]
[WhiteElo "2529"]
[BlackElo "2180"]
[TimeControl "180+1"]
[EndTime "8:31:57 PST"]
[Termination "LangesNasenhaar won by checkmate"]

1. d4 d5 2. Nc3 e6 3. Bf4 c6 4. e3 Bd6 5. Qf3 Bxf4 6. Qxf4 Nd7 7. Bd3 Ne7 8. Nf3 Ng6 9. Qg3 Nf6 10. h4 Rg8 11. h5 Ne7 12. Ne5 Nf5 13. Bxf5 exf5 14. f3 Be6 15. O-O-O Qc7 16. Kb1 O-O-O 17. Qf2 Nd7 18.
Nxd7 Rxd7 19. h6 g6 20. f4 Kb8 21. Ne2 c5 22. dxc5 Qxc5 23. Nd4 Rc8 24. Rd3 Rdc7 25. Rc3 Qa5 26. Rxc7 Qxc7 27. c3 a6 28. Qd2 Qc4 29.
Qe2 Qxe2 30. Nxe2 b5 31. Nd4 Kb7 32. Nf3 Kb6 33. Ng5 Rh8 34. Kc2 Kc5 35. Kd3 Kd6 36. Kd4 Ke7 37. b3 f6 38. Nf3 Rc8 39. Kd3 Bg8 40. Nd4 Rc7 41. g3 Kd6 42. Ra1 Rb7 43. a4 b4 44. cxb4 Rxb4 45. Rc1 Rb6 46. Rc8 Be6 47. Rf8 Ke7 48. Rh8 Bf7 49. Rxh7 Rb8 50. Nc6+ Kd6 51. Nxb8 Kc5 52. Rxf7 Kb4 53. h7 Kxb3 54.
h8=Q Kxa4 55. Qxf6 Ka3 56. Rb7 Ka4 57. Qa1# 1-0

[Event "Early-Titled-Tuesday-Blitz-March-05-2024"]
[Site "Chess.com"]
[Date "2024.03.05"]
[Round "3"]
[White "ChessFanNM"]
[Black "whiteglovethief"]
[Result "0-1"]
[WhiteElo "2262"]
[BlackElo "2474"]
[TimeControl "180+1"]
[EndTime "8:31:57 PST"]
[Termination "whiteglovethief won on time"]

1. e4 e6 2. d4 d5 3. Nc3 Bb4 4. e5 c5 5. a3 Bxc3+ 6. bxc3 Ne7 7. a4 Nbc6 8. Nf3 Qa5 9. Bd2 Bd7 10. Bd3 f6 11.
exf6 gxf6 12. O-O O-O-O 13. Qb1 c4 14. Be2 Rhg8 15. g3 e5 16. Qc1 e4 17. Ne1 Nf5 18.
Ng2 Nce7 19. Kh1 Ng6 20. Bg4 Kb8 21. Bxf5 Bxf5 22. Be3 Qxc3 23. Ra3 Qa5 24. Nf4 Ka8 25. Qb2 Bg4 26. Rb1 Rd7 27. Qb5 Qxb5 28. Rxb5 Bf3+ 29. Kg1 Nxf4 30. Bxf4 Rc8 31. a5 a6 32. Rb6 Rc6 33.
Rxc6 bxc6 34. Ra2 Rb7 35. Ra1 c3 36. Bc1 Rb4 37. Bf4 Rxd4 38. Rb1 Rd2 39. Kf1 Rxc2 40. Rb8+ Ka7 41. Rb1 Rb2 42. Be3+ Kb7 43. Rc1 c2 44. Ke1 Bd1 45. Bd4 Rb1 46. Kd2 Rxc1 47. Kxc1 f5 48. h3 h5 49. Bc5 Kc7 50. Kd2 Kd7 51. g4 fxg4 52. hxg4 h4 53. Be3 h3 54. Bf4 Bxg4 55.
Kxc2 d4 0-1

[Event "Early-Titled-Tuesday-Blitz-March-05-2024"]
[Site "Chess.com"]
[Date "2024.03.05"]
[Round "3"]
[White "schachlana"]
[Black "xiaopang123"]
[Result "1/2-1/2"]
[WhiteElo "2372"]
[BlackElo "2151"]
[TimeControl "180+1"]
[EndTime "8:31:57 PST"]
[Termination "Game drawn by repetition"]

1. d4 d5 2. Nf3 Nf6 3. g3 c6 4.
Bg2 Nbd7 5. O-O Nb6 6. b3 a5 7. Nbd2 a4 8. Ne5 axb3 9. cxb3 Bf5 10. Bb2 e6 11. Ndf3 h6 12. a4 Bb4 13. Nd3 Be7 14. Nc5 Qc8 15. Ne5 Nbd7 16. b4 O-O 17.
Qd2 Nxe5 18. dxe5 Nd7 19. Nxd7 Qxd7 20. e4 Bg6 21. exd5 cxd5 22. b5 Rfc8 23. Rfc1 Bg5 24. f4 Bd8 25. Rxc8 Qxc8 26. Rc1 Bb6+ 27. Kh1 Qf8 28.
Ra1 Ba5 29. Qd4 Rc8 30. Rc1 Rxc1+ 31. Bxc1 Qc8 32. Be3 b6 33. g4 Qc2 34. Bg1 Be4 35.
Bxe4 dxe4 36. f5 Qe2 37. Qe3 Qxg4 38. fxe6 fxe6 39. h3 Qf5 40. Bf2 Kh7 41. Kg2 Qg5+ 42. Qxg5 hxg5 43. Be3 Kg6 44. Kg3 Kf5 45. Bd4 g6 46.
Bb2 Be1+ 47. Kg2 Kf4 48. Bd4 Ba5 49. Kf2 g4 50. hxg4 Kxg4 51. Ke3 Kf5 52. Kf2 g5 53.
Kg3 g4 54. Be3 Kxe5 55. Kxg4 Kd5 56. Kf4 e5+ 57. Kf5 Kd6 58. Kxe4 Ke6 59. Bf2 Kd6 60. Bg3 Bc3 61. Bf2 Ba5 62. Bh4 Bc3 63. Bf2 Ba5 1/2-1/2

[Event "Early-Titled-Tuesday-Blitz-March-05-2024"]
[Site "Chess.com"]
[Date "2024.03.05"]
[Round "3"]
[White "Binary010"]
[Black "WindWhistler11"]
[Result "0-1"]
[WhiteElo "2814"]
[BlackElo "2529"]
[TimeControl "180+1"]
[EndTime "8:31:58 PST"]
[Termination "WindWhistler11 won by resignation"]

1. d4 Nf6 2. c4 e6 3. Nf3 c5 4. g3 cxd4 5. Nxd4 a6 6. Bg2 Qc7 7. Nc3 Nc6 8. O-O h5 9. Nxc6 dxc6 10. Bg5 Nh7 11. Be3 h4 12. Ne4 hxg3 13. hxg3 Nf6 14. Nxf6+ gxf6 15. Qd4 e5 16. Qc3 Be6 17. Rad1 Be7 18.
f4 Rg8 19. Kf2 Rd8 20. Rxd8+ Kxd8 21. Rh1 Kc8 22. Rh5 Bd6 23. f5 Bd7 24. c5 Be7 25. Be4 Qd8 26. Rh1 Rh8 27. Qc1 Qf8 28. b4 Bd8 29. g4 Qg7 30. Rxh8 Qxh8 31. Qh1 Qxh1 32.
Bxh1 a5 33. a3 Kb8 34. Be4 Ka7 35. Bd3 Bc7 36. Bc4 Be8 37. Bh6 e4 38. Ke3 Be5 39.
bxa5 Bb2 40. a4 Bc1+ 41. Kxe4 Bxh6 42. Kd4 Bf4 43. e4 Be5+ 44. Kd3 Bg3 45. Kd4 Bf2+ 46. Kc3 Be1+ 47. Kb3 Bxa5 48. Bd3 Kb8 49. Kc4 Kc7 50. Bc2 Be1 51. Bb3 Kd8 52. Kd3 Ke7 53. Kc4 Kf8 54. Kd3 Kg7 55. Ke2 Bb4 56. Kf3 Bxc5 0-1

[Event "Early-Titled-Tuesday-Blitz-March-05-2024"]
[Site "Chess.com"]
[Date "2024.03.05"]
[Round "3"]
[White "tusplingher"]
[Black "ozates"]
[Result "1/2-1/2"]
[WhiteElo "2453"]
[BlackElo "2609"]
[TimeControl "180+1"]
[EndTime "8:31:58 PST"]
[Termination "Game drawn by repetition"]

1. e4 c5 2. Nf3 Nc6 3. Bb5 e6 4. O-O Nge7 5. d4 cxd4 6. Nxd4 Nxd4 7. Qxd4 Nc6 8. Qc3 Qf6 9. Be3 Bd6 10. f4 Qxc3 11. Nxc3 O-O 12. Rad1 Bb4 13. Ne2 d5 14.
exd5 exd5 15. Rxd5 Re8 16. Bf2 Be6 17. Rdd1 Bg4 18.
c3 Bxe2 19. Bxe2 Rxe2 20. cxb4 Rxb2 21. a3 h6 22. Rb1 Rxb1 23. Rxb1 a6 24. Bb6 Re8 25.
Kf2 Re4 26. g3 Rc4 27. Rd1 Rc2+ 28. Kg1 g5 29. Rd7 Rc3 30. Rxb7 Rxa3 31. Bc5 Rc3 32.
Rb6 a5 33. Rxc6 axb4 34. Rxh6 Rxc5 35. Rb6 gxf4 36. Rxb4 Rc1+ 37. Kg2 Rc2+ 38. Kf3 Rxh2 39. Rxf4 Kg7 40. Kg4 Kg6 41. Rf5 Rc2 42. Rg5+ Kf6 43.
Rf5+ Ke6 44. Rf4 Rc8 45. Kf3 f5 46. Ra4 Kf6 47. Kg2 Kg5 48. Rb4 Rc2+ 49. Kh3 Re2 50. Ra4 Re3 51. Rb4 Kf6 52. Rb6+ Ke5 53. Rb5+ Ke4 54.
Rb4+ Kd3 55. Rf4 Re5 56. Kh4 Re4 57. Kg5 Re3 58. Kh4 Re4 59. Kg5 Re3 60. Kh4 Re4 1/2-1/2

[Event "Early-Titled-Tuesday-Blitz-March-05-2024"]
[Site "Chess.com"]
[Date "2024.03.05"]
[Round "3"]
[White "Zhigalko_Sergei"]
[Black "chess94cu"]
[Result "1-0"]
[WhiteElo "2898"]
[BlackElo "2658"]
[TimeControl "180+1"]
[EndTime "8:32:00 PST"]
[Termination "Zhigalko_Sergei won by resignation"]

1. e4 e5 2. Nf3 Nc6 3. Bc4 Nf6 4. d3 h6 5. Nbd2 d6 6. c3 g6 7.
O-O Bg7 8. Re1 O-O 9. Nf1 a6 10. Bb3 d5 11. Ng3 Re8 12. exd5 Nxd5 13. d4 Nb6 14.
Nxe5 Nxe5 15. dxe5 Qxd1 16. Rxd1 Rxe5 17. Bf4 Re7 18.
Re1 Be6 19. Bxe6 fxe6 20. Be5 Bxe5 21. Rxe5 Nc4 22. Re2 Rd8 23. Ne4 b6 24. Rae1 Kf7 25. h4 Rd5 26. b3 Nd6 27. Nd2 Nf5 28. Nf3 a5 29. g4 Nd6 30. Kg2 Kf6 31. c4 Rc5 32. Ne5 Nf7 33. Nd3 Rc6 34. Re3 Rd6 35. c5 bxc5 36. Nxc5 e5 37. Ne4+ Kg7 38. Nxd6 cxd6 39.
Rc3 g5 40. h5 e4 41. Rc6 d5 42. Rg6+ Kh7 43. Rd1 Rd7 44. Re6 Kg7 45. Rxe4 Kf6 46. Ra4 Ne5 47. Kg3 Rc7 48. Rxd5 Rc3+ 49. Kg2 Nf3 50.
Rf5+ Ke6 51. Rxf3 1-0

[Event "Early-Titled-Tuesday-Blitz-March-05-2024"]
[Site "Chess.com"]
[Date "2024.03.05"]
[Round "3"]
[White "ljuks68"]
[Black "ricaurtelopezj1955"]
[Result "1-0"]
[WhiteElo "2409"]
[BlackElo "2173"]
[TimeControl "180+1"]
[EndTime "8:32:00 PST"]
[Termination "ljuks68 won on time"]

1. e4 e5 2. Nf3 d5 3. exd5 e4 4. Qe2 Nf6 5. d3 Be7 6. dxe4 O-O 7. Nbd2 Re8 8. Qc4 c6 9. dxc6 Nxc6 10. Bd3 Be6 11. Qb5 Nb4 12. O-O a6 13. Qxb7 Nxd3 14. cxd3 Qxd3 15. Ne5 Qe2 16. Qb6 Nxe4 17. Nxe4 Qxe4 18.
Qe3 Qc2 19. Qd3 Qxd3 20. Nxd3 Bc4 21. Nf4 Bxf1 22. Kxf1 Bb4 23. Be3 Rac8 24. Nd5 Ba5 25. b4 Bd8 26. a4 Rc2 27. Rb1 Ra2 28. b5 Rxa4 29. b6 Bxb6 30. Rxb6 Ra2 31. g3 f6 32.
Rb7 a5 33. Ne7+ Kh8 34. Nf5 g6 35. Nd6 Rf8 36. Ra7 Kg8 37. g4 a4 38. Bd4 a3 39.
g5 h6 40. gxf6 Rd2 41. f7+ Kh7 42. Bc5 Rd5 43. Bxa3 Rf5 44. Nxf5 gxf5 45. Bxf8 Kg6 46. Bc5 Kf6 47. f8=Q+ 1-0

[Event "Early-Titled-Tuesday-Blitz-March-05-2024"]
[Site "Chess.com"]
[Date "2024.03.05"]
[Round "3"]
[White "BogdanDeac"]
[Black "CarlosjPineror"]
[Result "1-0"]
[WhiteElo "3000"]
[BlackElo "2714"]
[TimeControl "180+1"]
[EndTime "8:32:01 PST"]
[Termination "BogdanDeac won on time"]

1. d4 Nf6 2. Nf3 e6 3. Bf4 b6 4.
e3 Bb7 5. c4 Nh5 6. Bg5 Be7 7.
Bxe7 Qxe7 8. Nc3 d6 9. Be2 Nf6 10. Qc2 Nbd7 11. e4 O-O 12. O-O e5 13. d5 a5 14. b3 Nc5 15. a3 Bc8 16. b4 Na6 17. Rab1 Bg4 18. Ne1 Bxe2 19. Qxe2 Nd7 20. Nd3 g6 21. Nb5 Rfc8 22. Qd2 Kg7 23. f3 c6 24. dxc6 Rxc6 25. Nb2 axb4 26. axb4 Nc7 27.
Nc3 Ne6 28. Ra1 Rac8 29. Nb5 Rb8 30. Rfd1 Ndf8 31. Ra7 Qf6 32. Qd5 Rbc8 33. Nxd6 Rxd6 34. Qxd6 Rd8 35. Qxb6 Rxd1+ 36. Nxd1 Qg5 37. Qe3 Qd8 38. Nc3 Nd4 39. Nd5 Nfe6 40. c5 Qb8 41. Ra2 Qb5 42. h3 h5 43. Kh2 h4 44. Qf2 g5 45. Rc2 Qd3 46. Rd2 Qc4 47. Rd1 Qb3 48. Qd2 Qc4 49. Qd3 1-0

[Event "Early-Titled-Tuesday-Blitz-March-05-2024"]
[Site "Chess.com"]
[Date "2024.03.05"]
[Round "3"]
[White "unagi64"]
[Black "KorolDimitriy75"]
[Result "1-0"]
[WhiteElo "2614"]
[BlackElo "2440"]
[TimeControl "180+1"]
[EndTime "8:32:02 PST"]
[Termination "unagi64 won on time"]

1. c4 c5 2. g3 g6 3. Bg2 Bg7 4. Nf3 Nc6 5. O-O Nh6 6. Nc3 Nf5 7.
a3 h5 8. h4 a6 9. Rb1 Rb8 10. b4 cxb4 11. axb4 b5 12. cxb5 axb5 13. e3 e6 14. d4 d5 15. Ne1 Nd6 16. Nd3 Nc4 17.
Nc5 O-O 18. Qb3 Qb6 19. Ra1 Rd8 20. Rd1 Bb7 21. Bd2 Ra8 22. Be1 Kh7 23. Ne2 Rxa1 24.
Rxa1 Ra8 25. Rxa8 Bxa8 26. Qa2 Qa7 27. Qxa7 Nxa7 28. Nc1 Bc6 29. N1b3 Be8 30. Bf3 Kg8 31. Be2 Kf8 32. Na5 Ke7 33. Bc3 Nc6 34. Nab7 Na7 35.
Kf1 Nc8 36. Ke1 N8b6 37. Kd1 Bd7 38. Kc2 Bc6 39. Na5 Bd7 40. Bd3 Be8 41. Nab3 Bc6 42. Bd2 Be8 43. f3 Bc6 44. e4 e5 45. dxe5 Nxe5 46.
Nd4 Be8 47. Bxb5 Bxb5 48. Nxb5 Nxf3 49. Nc3 dxe4 50. N3xe4 Ne5 51. Bf4 Nd5 52. Bxe5 Bxe5 53. Kb3 f5 54. Nd3 Bxg3 55. Nxg3 Kf6 56. Kc4 Ne3+ 57. Kc5 Ng2 58. b5 f4 59. Ne4+ Kf5 60. Nef2 f3 61. b6 Nxh4 62. b7 1-0

[Event "Early-Titled-Tuesday-Blitz-March-05-2024"]
[Site "Chess.com"]
[Date "2024.03.05"]
[Round "3"]
[White "Bkmzzzzz"]
[Black "twofoxniel"]
[Result "1-0"]
[WhiteElo "2439"]
[BlackElo "2577"]
[TimeControl "180+1"]
[EndTime "8:32:03 PST"]
[Termination "Bkmzzzzz won on time"]

1. e4 d5 2. exd5 Nf6 3. Nf3 Nxd5 4. c4 Nb4 5. d4 Bf5 6. Na3 e6 7. Be2 Be7 8. O-O O-O 9. Bd2 N8c6 10. Bc3 a6 11. Qd2 Qd7 12. Rfd1 Rad8 13. Qe1 Qc8 14. Ne5 Nxe5 15. dxe5 Nc6 16. Rac1 Bc5 17. Nc2 Bxc2 18.
Rxc2 Nd4 19. Bxd4 Bxd4 20. Bf3 c5 21. b3 Qc7 22. Re2 Rd7 23. g3 Rfd8 24. Kg2 b6 25. Re4 g6 26. Qe2 h5 27. Bxh5 gxh5 28. Qxh5 f5 29.
exf6 Bxf6 30. Qg6+ Bg7 31. Rxd7 Qxd7 32. Rxe6 Rf8 33.
Rxb6 a5 34. Qe6+ Qxe6 35. Rxe6 Rd8 36. Rc6 Rd2 37. Rxc5 Rxa2 38. Rc8+ Kf7 39. Rc7+ Kg6 40. Kf3 Bd4 41. h4 Rxf2+ 42. Kg4 Be5 43. Rc6+ Kf7 44. Rc5 Bc3 45. Kg5 Ke6 46. g4 1-0

[Event "Early-Titled-Tuesday-Blitz-March-05-2024"]
[Site "Chess.com"]
[Date "2024.03.05"]
[Round "3"]
[White "Batica1984"]
[Black "Polish_fighter3000"]
[Result "0-1"]
[WhiteElo "2775"]
[BlackElo "3113"]
[TimeControl "180+1"]
[EndTime "8:32:04 PST"]
[Termination "Polish_fighter3000 won on time"]

1. e4 e6 2. d4 d5 3. Nc3 Bb4 4.
e5 c5 5. a3 Bxc3+ 6. bxc3 Ne7 7. Qg4 Qc7 8. Bd3 c4 9. Be2 Qa5 10.
Bd2 Nf5 11. Nf3 Bd7 12. Nh4 Nxh4 13. Qxh4 Ba4 14. Qg5 Rg8 15. Ra2 Nc6 16. O-O h6 17.
Qh4 Ne7 18. Rb2 b5 19. g4 Nc6 20. Be1 Qd8 21. Qg3 Kd7 22. f4 Kc7 23. f5 Kb6 24.
Bd2 a6 25. h4 Ra7 26. Kh2 a5 27. Be3 Ka6 28. h5 Qe7 29. Ra2 f6 30. Rf2 Rd7 31. Bf1 exf5 32. exf6 gxf6 33. Rxf5 Rxg4 34. Qxg4 Qxe3 35.
Rf3 Qd2+ 36. Bg2 Rc7 37. Qg3 Kb6 38. Rf2 Qc1 39. Bxd5 Qb1 40. Qd6 Qxa2 41. Qc5+ Kb7 42. Re2 b4 43. axb4 Qa3 44. Qxc4 axb4 45. cxb4 Rg7 46.
c3 Qc1 47. Rg2 Qf4+ 48. Kh1 Re7 49. Rg1 Qh4+ 50. Kg2 Re3 51. Bxc6+ Bxc6+ 0-1

[Event "Early-Titled-Tuesday-Blitz-March-05-2024"]
[Site "Chess.com"]
[Date "2024.03.05"]
[Round "3"]
[White "nrvisakh"]
[Black "Arifarsky"]
[Result "1-0"]
[WhiteElo "2920"]
[BlackElo "2681"]
[TimeControl "180+1"]
[EndTime "8:32:05 PST"]
[Termination "nrvisakh won by checkmate"]

1. e4 e5 2. Nf3 Nc6 3. Bc4 Nf6 4. Ng5 d5 5. exd5 Na5 6. Bb5+ c6 7. dxc6 bxc6 8. Bd3 Nd5 9. Nf3 f5 10. Nxe5 Qf6 11.
O-O Bd6 12. Nf3 O-O 13. Re1 g5 14. c4 Nf4 15. Bf1 g4 16. d4 gxf3 17. Qxf3 Ng6 18. c5 Bc7 19. b4 Nb7 20. Bb2 Nd8 21. Nd2 Be6 22. Bc4 Rc8 23. Bc3 Bxc4 24. Nxc4 Qf7 25. Ne5 Bxe5 26. dxe5 Ne6 27. Rad1 Ng5 28.
Qe3 Ne4 29. e6 Qxe6 30. f3 Rce8 31. fxe4 fxe4 32. Rd6 Qxa2 33. h3 Re6 34. Rd7 Rf7 35. Rxf7 Kxf7 36. Rf1+ Ke8 37. Qg3 Qd5 38. Qb8+ Qd8 39.
Qxa7 Re7 40. Qa2 Qd5 41. Qa8+ Kd7 42. Rf6 Re6 43. Qb7+ Ke8 44. Qc8+ Ke7 45. Qc7+ Qd7 46. Rf7+ Kxf7 47. Qxd7+ Re7 48. Qxc6 e3 49. Qd5+ Ke8 50. c6 Nf4 51. Qg8# 1-0

[Event "Early-Titled-Tuesday-Blitz-March-05-2024"]
[Site "Chess.com"]
[Date "2024.03.05"]
[Round "3"]
[White "GameOverBro"]
[Black "ChessBrainiacOnTwitch"]
[Result "0-1"]
[WhiteElo "2558"]
[BlackElo "2842"]
[TimeControl "180+1"]
[EndTime "8:32:05 PST"]
[Termination "ChessBrainiacOnTwitch won by resignation"]

1. e4 c5 2. Ne2 Nc6 3. Nbc3 Nf6 4.
g3 g6 5. d4 cxd4 6. Nxd4 Bg7 7. Nde2 O-O 8. Bg2 a6 9. a4 d6 10. O-O Rb8 11. Nd5 b5 12. axb5 axb5 13. c3 e6 14. Nxf6+ Bxf6 15. Nd4 Ne5 16. Nc2 Bb7 17. h3 Ra8 18. Bh6 Re8 19. Rxa8 Qxa8 20. Re1 Rd8 21. Nb4 Nc4 22. Qc2 Rc8 23. h4 Nxb2 24. Qxb2 Bxc3 25.
Qb1 Qa5 26. Nd3 Bxe1 27. Nxe1 Qc3 28. Nd3 Ba6 29. Nb4 Bb7 30. Nd3 Bc6 31. Nb4 Bd7 32. Bf1 Qd4 33. Be3 Qc3 34. Bh6 Ra8 35. Nc2 f6 36. Be3 Rc8 37. Nb4 Ra8 38. Nc2 Ra4 39.
Qd1 Qc7 40. Bd4 e5 41. Be3 Bc6 42. Qd2 Rxe4 43. Qc3 Qd7 44. Nb4 Bb7 45. Qb3+ d5 46.
Nc2 Kg7 47. Bxb5 Bc6 48. Bd3 Ra4 49. Nb4 d4 50. Bd2 Ra1+ 51. Bb1 Be4 52. Nc2 Ra7 53. Bc1 Rb7 54. Qa2 Qc6 55. Bd2 Qb5 56. Na3 Bxb1 57. Nxb5 Bxa2 58. Nd6 Rb1+ 59. Kg2 Bd5+ 60. f3 Rb2 0-1

[Event "Early-Titled-Tuesday-Blitz-March-05-2024"]
[Site "Chess.com"]
[Date "2024.03.05"]
[Round "3"]
[White "lagunanivaria"]
[Black "Caroexpert"]
[Result "0-1"]
[WhiteElo "2444"]
[BlackElo "2618"]
[TimeControl "180+1"]
[EndTime "8:32:05 PST"]
[Termination "Caroexpert won by resignation"]

1. e3 Nf6 2. d4 b6 3. Nf3 Bb7 4. Bd3 e6 5. O-O Be7 6. b3 O-O 7. Bb2 c5 8. c4 Nc6 9. Nbd2 d5 10. a3 Rc8 11. Qe2 Re8 12. Rfd1 Bd6 13. h3 Qc7 14. Rac1 e5 15. cxd5 Nxd4 16. exd4 exd4 17. Qf1 Nxd5 18. Bxd4 Nf4 19. Be3 Rcd8 20. Nc4 Nxh3+ 21. Kh1 Bf4 22. Be2 b5 23. Rxd8 Qxd8 24. gxh3 Qh4 25. Bxf4 Qxf4 26.
Ne3 Bxf3+ 27. Bxf3 Qxf3+ 28. Qg2 Qe2 29. Rxc5 g6 30.
Rc1 Qb2 31. Rg1 Qxb3 32. Qg5 Qxa3 33. Ng4 Re6 34. Qd8+ Kg7 35. Qd4+ Kg8 36. Nh6+ Kf8 37. Qh8+ Ke7 38. Ng8+ Kd6 39. Rd1+ Kc6 40. Ne7+ Qxe7 41. Qc8+ Kb6 42. Qa8 Qb7+ 43. Qxb7+ Kxb7 44. Rd7+ Kb6 45. Rxf7 h5 46. Rf4 a5 47. Rf8 a4 48. Rb8+ Kc5 49.
Ra8 Kb4 0-1

[Event "Early-Titled-Tuesday-Blitz-March-05-2024"]
[Site "Chess.com"]
[Date "2024.03.05"]
[Round "3"]
[White "Kielinkei"]
[Black "Eloist"]
[Result "0-1"]
[WhiteElo "2596"]
[BlackElo "2453"]
[TimeControl "180+1"]
[EndTime "8:32:05 PST"]
[Termination "Eloist won on time"]

1. c4 e5 2. g3 Nf6 3. Bg2 c6 4. Nf3 e4 5. Nd4 d5 6. d3 Bb4+ 7. Bd2 Bc5 8. Nb3 Be7 9. cxd5 cxd5 10. O-O O-O 11. Nc3 exd3 12. exd3 Bg4 13. Qc2 Nc6 14. Rac1 Nb4 15. Qb1 Bf5 16. Qa1 Bxd3 17. Rfe1 Nc2 18. Rxc2 Bxc2 19. Nd4 Bg6 20. b3 Bc5 21. Na4 Be7 22.
Bc3 Ne4 23. Bb2 a6 24. Nc3 Bb4 25. Re3 Bxc3 26. Bxc3 Nxc3 27. Qxc3 Rc8 28. Qb2 Re8 29. Qd2 Rxe3 30. Qxe3 Qd7 31. h4 Re8 32. Qg5 h6 33.
Qf4 Re1+ 34. Kh2 Be4 35. f3 Bg6 36. g4 Qe7 37. Kh3 Qe5 38. Qd2 Qe3 39. Qb4 h5 40. Nc2 hxg4+ 41. Qxg4 Qe5 42. Nd4 Rd1 43. Qc8+ Kh7 44. f4 Qxd4 45. f5 Qd3+ 46. Kg4 Qd4+ 47. Kh3 Qf6 48. fxg6+ fxg6 49. Qg4 Qf5 0-1

[Event "Early-Titled-Tuesday-Blitz-March-05-2024"]
[Site "Chess.com"]
[Date "2024.03.05"]
[Round "3"]
[White "Louis-Paulsen-Fan"]
[Black "OneTrickPony_82"]
[Result "1-0"]
[WhiteElo "2229"]
[BlackElo "2514"]
[TimeControl "180+1"]
[EndTime "8:32:05 PST"]
[Termination "Louis-Paulsen-Fan won on time"]

1. d4 Nf6 2. Nf3 d5 3. c4 e6 4. Nc3 c5 5. e3 a6 6. a3 dxc4 7.
Bxc4 b5 8. Be2 Bb7 9. O-O Nbd7 10. dxc5 Bxc5 11. b4 Be7 12. Nd4 Rc8 13. Bb2 Ne5 14. a4 bxa4 15. Qxa4+ Qd7 16. Qxd7+ Nfxd7 17. Bxa6 Bxa6 18.
Rxa6 Bxb4 19. Ncb5 O-O 20. Ba3 Bxa3 21. Rxa3 Nc4 22.
Rc3 Ndb6 23. Rfc1 Ra8 24. h4 Ne5 25. Rc7 Nd5 26. Rb7 Ra2 27. Nd6 Nd3 28. Rf1 Nc3 29. Nc6 h5 30. Ne7+ Kh7 31. Rb3 Rc2 32. g3 Ne5 33. Nb5 Ne4 34. Nd4 Ra2 35. Nec6 Ng4 36. f3 Nxg3 37. fxg4 Nxf1 38. Kxf1 hxg4 39. Ne5 Rc8 40. Rb1 g3 41. Kg1 Rc3 42. Nxf7 Rxe3 43. Ng5+ Kh6 44. Ndxe6 Ree2 45. Nf4 Rf2 46. Nd3 Rg2+ 47.
Kh1 Rh2+ 48. Kg1 Rag2+ 49. Kf1 Rd2 50. Kg1 Rxd3 51. Ne4 1-0

[Event "Early-Titled-Tuesday-Blitz-March-05-2024"]
[Site "Chess.com"]
[Date "2024.03.05"]
[Round "3"]
[White "Kapitan_Bayan"]
[Black "Caracal3000"]
[Result "1/2-1/2"]
[WhiteElo "2290"]
[BlackElo "2489"]
[TimeControl "180+1"]
[EndTime "8:32:05 PST"]
[Termination "Game drawn by repetition"]

1. e4 c5 2. Nf3 d6 3. d4 cxd4 4. Nxd4 Nf6 5. f3 g6 6. c4 Bg7 7.
Nc3 O-O 8. Be3 Nc6 9. Qd2 Nxd4 10. Bxd4 Be6 11. Be2 Rc8 12. b3 a6 13. O-O Bd7 14.
Rac1 Bc6 15. Rfd1 Nd7 16. Be3 Qa5 17. Nd5 Qd8 18. a4 Bxd5 19. cxd5 Rxc1 20. Rxc1 Qb8 21.
a5 Rc8 22. b4 Rc7 23. b5 axb5 24. Bxb5 Qc8 25. Bxd7 Qxd7 26. Bb6 Rxc1+ 27. Qxc1 e6 28. Qc7 Qxc7 29. Bxc7 exd5 30. exd5 Bd4+ 31. Kf1 Bc5 32.
Ke2 Kf8 33. Kd3 Ke7 34. g4 h5 35. Bb6 Bb4 36. Kc4 Be1 37. Kb5 hxg4 38. fxg4 f5 39. gxf5 gxf5 40. Be3 Bc3 41. a6 bxa6+ 42. Kxa6 Kf6 43.
Kb5 Ke5 44. Kc6 Bd4 45. Bxd4+ Kxd4 46. Kxd6 f4 47. Kc6 f3 48. d6 f2 49. d7 f1=Q 50.
d8=Q+ Ke4 51. Qd5+ Ke3 52. Qe5+ Kd2 53. Qd4+ Kc2 54.
Qc5+ Kd2 55. Qd4+ Kc2 56. Qc5+ Kd2 57. Qd5+ Kc2 58. Qc5+ 1/2-1/2

[Event "Early-Titled-Tuesday-Blitz-March-05-2024"]
[Site "Chess.com"]
[Date "2024.03.05"]
[Round "3"]
[White "wild3000"]
[Black "PepeCuenca"]
[Result "0-1"]
[WhiteElo "2486"]
[BlackElo "2692"]
[TimeControl "180+1"]
[EndTime "8:32:09 PST"]
[Termination "PepeCuenca won on time"]

1. e4 c5 2. Nf3 Nc6 3. Bb5 e5 4. O-O Bd6 5. Nc3 Nf6 6. d3 a6 7.
Ba4 b5 8. Bb3 Na5 9. Bg5 Nxb3 10. axb3 Bb7 11. Nd5 Bxd5 12. exd5 h6 13. Bh4 O-O 14.
Re1 Re8 15. Qd2 Bc7 16. b4 cxb4 17. Qxb4 d6 18. c4 g5 19. Nxg5 hxg5 20. Bxg5 Bb6 21. cxb5 Kg7 22. Rxa6 Rxa6 23. bxa6 Bd4 24. Ra1 Qb6 25.
Qxb6 Bxb6 26. Bxf6+ Kxf6 27. Rc1 Ra8 28. Rc6 Bc5 29.
g3 Ke7 30. h4 Kd7 31. Kg2 Rb8 32. h5 Rxb2 33. h6 Rxf2+ 34. Kh3 Rf6 35. h7 Rh6+ 36.
Kg4 Rxh7 37. Kf5 Rg7 38. g4 f6 39. Kxf6 Rxg4 40. Kf7 Ra4 41. Kf6 Ra3 42. Kf5 Rxd3 43. Ke4 Ra3 44. Kf5 Ra4 45. Kg5 Rd4 46. Kf5 Rxd5 47.
Rxc5 Rxc5 48. a7 Ra5 49. Ke4 Rxa7 50. Kd5 Ra5+ 51. Kc4 Kc6 52. Kb4 Rc5 0-1

[Event "Early-Titled-Tuesday-Blitz-March-05-2024"]
[Site "Chess.com"]
[Date "2024.03.05"]
[Round "3"]
[White "Dinosaurio_1975"]
[Black "effefe"]
[Result "1-0"]
[WhiteElo "2586"]
[BlackElo "2416"]
[TimeControl "180+1"]
[EndTime "8:32:10 PST"]
[Termination "Dinosaurio_1975 won on time"]

1. e4 c5 2. Nf3 d6 3. Bb5+ Nd7 4. Ba4 Rb8 5. c4 g6 6. Nc3 Bg7 7. d4 cxd4 8. Nxd4 Nf6 9. O-O O-O 10. Bxd7 Bxd7 11. Qd3 Ng4 12. b3 a6 13. Bb2 b5 14. cxb5 axb5 15. Rfd1 e6 16. Rd2 Qb6 17. h3 Ne5 18. Qe3 b4 19. Nce2 Rfd8 20. Rad1 Rbc8 21. f4 Nc6 22. Kf2 Nxd4 23. Bxd4 Bxd4 24. Qxd4 Qc6 25. Qxd6 Qxe4 26. Qe7 Qb7 27. Rxd7 Rxd7 28. Qxd7 Qb6+ 29. Qd4 Qb7 30. Kg1 Rc2 31. Qd8+ Kg7 32.
Qd4+ Kg8 33. Rd2 Rc8 34. Kh2 h5 35. Ng3 Rc1 36. Ne4 Rc8 37. Nf6+ Kf8 38. Nd7+ Kg8 39. Nc5 Qc6 40. Ne4 Kf8 41. Qxb4+ Kg7 42. Qd4+ Kf8 43. a4 Ra8 44. Ng5 Ke7 45. Qb4+ Kf6 46. Qd4+ Ke7 47. Qg7 Rf8 48. a5 Qc7 49. Qe5 Qb7 50. Qc5+ Kf6 51. Nh7+ Kg7 52. Nxf8 Qa6 53. Rd7 Qf1 54. Qe5+ Kh6 55.
Rxf7 1-0

[Event "Early-Titled-Tuesday-Blitz-March-05-2024"]
[Site "Chess.com"]
[Date "2024.03.05"]
[Round "3"]
[White "Flaccidmoves"]
[Black "Sajith_Peiris"]
[Result "1-0"]
[WhiteElo "2446"]
[BlackElo "2236"]
[TimeControl "180+1"]
[EndTime "8:32:10 PST"]
[Termination "Flaccidmoves won on time"]

1. d4 Nf6 2. c4 e6 3. Nc3 d5 4. cxd5 exd5 5. Bg5 Be7 6. e3 O-O 7. Bd3 c6 8. Qc2 h6 9. Bh4 Nbd7 10. Nge2 Re8 11.
O-O Nf8 12. Rae1 Be6 13. f3 Rc8 14. Bf2 c5 15. dxc5 Bxc5 16. Qd2 a6 17. Rd1 b5 18.
Bb1 Qb6 19. Nd4 Red8 20. Nce2 N8d7 21. Nf4 Ne5 22. b3 Bd7 23. Bg3 Nc6 24. Nfe2 Re8 25. Rc1 Re7 26. Bh4 Rce8 27. Bxf6 gxf6 28. Qd3 f5 29.
Nxf5 Bxf5 30. Qxf5 Bxe3+ 31. Kh1 Re6 32. Qh7+ Kf8 33.
Rcd1 Bg5 34. Ng3 d4 35. Nf5 Rg6 36. h4 Nb4 37. hxg5 hxg5 38. Qh8+ Rg8 39. Qh6+ Qxh6+ 40. Nxh6 Rh8 41. Kg1 Rxh6 42. a3 Nc6 43. Be4 Rf6 44.
Rc1 Ne5 45. Rfd1 d3 46. Bxd3 Nxd3 47. Rxd3 Rfe6 48. Rd2 Re3 49. Rb1 Rc3 50. Kf2 1-0